 Dungeon Sprint DCSS version 0.16.2-12-gd0ad4c3 (webtiles) character file.

2349 ericwiseman123 the Unseen (level 9, -4/41 HPs)
             Began as a Spriggan Enchanter on Sept 18, 2015.
             Was a Priest of Sif Muna.
             Killed from afar by a burning bush (10 damage)
             ... with a puff of flame
             ... in the Dungeon (Sprint IV: "Fedhas' Mad Dash").
             The game lasted 00:09:23 (1856 turns).

ericwiseman123 the Unseen (Spriggan Enchanter)      Turns: 1856, Time: 00:09:23

Health: -4/41      AC:  3    Str:  7    XL:     9   Next: 20%
Magic:  19/29      EV: 25    Int: 16    God:    Sif Muna [***...]
Gold:   86         SH:  0    Dex: 17    Spells: 4 memorised, 17 levels left

rFire  . . .     SeeInvis +     f - +0 short sword
rCold  . . .     Clarity  .     b - +1 robe
rNeg   . . .     SustAb   .     (shield restricted)
rPois  .         Gourm    .     (helmet restricted)
rElec  .         Spirit   .     (no cloak)
rCorr  .         Warding  .     (gloves unavailable)
rMut   .         NoTele   +     (boots unavailable)
MR     +....                    o - amulet of rage
Stlth  +++++++++.               (no ring)
                                m - ring of invisibility

@: bonded with blade, very slightly contaminated, very quick, somewhat resistant
to hostile enchantments, incredibly stealthy
A: unfitting armour, see invisible, herbivore 3, speed 3, slow metabolism 2
a: Channel Energy, Forget Spell, Renounce Religion, Evoke Berserk Rage, Evoke
Invisibility


You were in the Dungeon.
You worshipped Sif Muna.
Sif Muna was most pleased with you.
You were not hungry.

You visited 1 branch You collected 142 gold pieces.
You spent 56 gold pieces at shops.

Inventory:

Hand weapons
 a - a +1 dagger
 f - a +0 short sword (weapon)
 p - a cursed -3 rapier
Armour
 b - a +1 robe (worn)
Jewellery
 m - a ring of invisibility (left hand)
 o - an amulet of rage (around neck)
Magical devices
 k - a wand of disintegration (11)
Scrolls
 j - a scroll of blinking
Potions
 e - a potion of curing
 g - a potion of haste
 h - 2 potions of magic
 i - a potion of berserk rage
 l - a potion of agility {unknown}
Books
 c - a book of Maledictions

   Spells                             Type                      Level
   a - Corona                         Hexes                        1
   b - Sure Blade                     Hexes/Charms                 2
   c - Ensorcelled Hibernation        Hexes/Ice                    2
   d - Confuse                        Hexes                        3
   e - Dazzling Spray                 Conjuration/Hexes            3
   f - Enslavement                    Hexes                        4
Miscellaneous
 q - a sack of spiders
Comestibles
 d - a bread ration
 n - a royal jelly


   Skills:
 + Level 1.1 Fighting
 + Level 5.2 Short Blades
 + Level 9.8 Dodging
 + Level 20.1 Stealth
 + Level 8.9 Spellcasting
 + Level 12.2 Hexes
 + Level 2.6 Charms
 + Level 1.1 Ice Magic
 + Level 5.9 Evocations


You had 17 spell levels left.
You knew the following spells:

 Your Spells              Type           Power        Failure   Level  Hunger
a - Corona                Hex            #####..      1%          1    None
b - Ensorcelled Hibernat  Hex/Ice        ####..       1%          2    None
c - Confuse               Hex            #####...     1%          3    #......
d - Sure Blade            Hex/Chrm       ####......   1%          2    None


Dungeon Overview and Level Annotations

Branches:
Dungeon (1/1)

Altars:
Cheibriados
Dithmenos
Elyvilon
Gozag
Kikubaaqudgha
Makhleb
Nemelex Xobeh
Okawaru
Qazlal
Ru
Sif Muna
Trog
Vehumet
Xom
Yredelemnul
Zin
The Shining One
Beogh
Jiyva
Lugonu

Shops:
D ?[:(


Innate Abilities, Weirdness & Mutations

You are tiny and cannot use many weapons and most armour.
You have supernaturally acute eyesight.
You are a herbivore.
You cover ground extremely quickly.
You need consume almost no food.


Message History

You become one with your weapon.
You hit the burning bush.
The burning bush is heavily damaged.
You hit the burning bush.
The burning bush is severely damaged.
The burning bush throws fire at you. The puff of flame hits you!
* * * LOW HITPOINT WARNING * * *
You hit the burning bush but do no damage.
The burning bush is severely damaged.
You hit the burning bush but do no damage.
The burning bush is severely damaged.
The burning bush throws fire at you. The puff of flame hits you!
* * * LOW HITPOINT WARNING * * *
Drink which item? (? for menu, Esc to quit)
You feel better. The burning bush throws fire at you.
The puff of flame hits you!
You die...

#PP..'.....'.#(..'._._._._.
#PPPP#.....#.#...#_._._._._
###############'##._._._._.
#...♣......[.'...#.⌠...._..
#......♣.....#...##########
#.†...♣..♣..######
##'####'######..+
#..#....'.......#
#..#P)###P@.....# #######
#########


You could see a burning bush.

Vanquished Creatures
  2 oklob plants (D)
  3 wandering mushrooms (D)
  A burning bush (D)
  A queen bee (D)
  2 scorpions (D)
  4 killer bees (D)
  5 oklob saplings (D)
  A worker ant (D)
  2 spriggans (D)
  A river rat (D)
  A rat (D)
23 creatures vanquished.

Notes
Turn   | Place    | Note
--------------------------------------------------------------
     0 | D        | ericwiseman123, the Spriggan Enchanter, began the quest for the Orb.
     0 | D        | Reached XP level 1. HP: 9/9 MP: 4/4
     9 | D        | Reached skill level 5 in Stealth
    11 | D        | Reached XP level 2. HP: 13/13 MP: 6/8
    20 | D        | Noticed an oklob sapling
    21 | D        | Killed an oklob sapling
    21 | D        | Reached skill level 7 in Stealth
    21 | D        | Reached XP level 3. HP: 16/16 MP: 8/11
    23 | D        | Noticed a worker ant
    25 | D        | Killed a worker ant
    25 | D        | Reached skill level 8 in Stealth
    56 | D        | Found a snail-covered altar of Cheibriados.
    56 | D        | Found a glowing silver altar of Zin.
    56 | D        | Found a white marble altar of Elyvilon.
    57 | D        | Found a glowing golden altar of the Shining One.
    57 | D        | Found a viscous altar of Jiyva.
    57 | D        | Found a radiant altar of Vehumet.
    57 | D        | Found a deep blue altar of Sif Muna.
    57 | D        | Found a burning altar of Makhleb.
    57 | D        | Found an ancient bone altar of Kikubaaqudgha.
    57 | D        | Found a bloodstained altar of Trog.
    57 | D        | Found a corrupted altar of Lugonu.
    57 | D        | Found a sacrificial altar of Ru.
    57 | D        | Noticed an oklob sapling priest
    58 | D        | Found a shadowy altar of Dithmenos.
    58 | D        | Found a sparkling altar of Nemelex Xobeh.
    59 | D        | Found an iron altar of Okawaru.
    60 | D        | Found an opulent altar of Gozag.
    60 | D        | Found a shimmering altar of Xom.
    61 | D        | Found a basalt altar of Yredelemnul.
    62 | D        | Found a stormy altar of Qazlal.
    62 | D        | Found a roughly hewn altar of Beogh.
    63 | D        | Killed an oklob sapling priest
    63 | D        | Reached skill level 10 in Stealth
    63 | D        | Reached XP level 4. HP: 21/21 MP: 12/16
    85 | D        | Became a worshipper of Sif Muna the Loreminder
   151 | D        | Learned a level 2 spell: Ensorcelled Hibernation
   155 | D        | Learned a level 3 spell: Confuse
   158 | D        | Learned a level 2 spell: Sure Blade
   160 | D        | Noticed an oklob sapling wizard
   163 | D        | Killed an oklob sapling wizard
   163 | D        | Reached skill level 5 in Dodging
   163 | D        | Reached skill level 5 in Spellcasting
   163 | D        | Reached XP level 5. HP: 24/24 MP: 15/19
   307 | D        | Noticed an oklob sapling
   310 | D        | Killed an oklob sapling
   310 | D        | Reached skill level 1 in Evocations
   316 | D        | Noticed a queen bee
   317 | D        | Noticed a killer bee
   320 | D        | Noticed a killer bee
   455 | D        | Noticed a killer bee
   455 | D        | Noticed a killer bee
   457 | D        | Killed a queen bee
   457 | D        | Acquired Sif Muna's first power
   457 | D        | Reached skill level 13 in Stealth
   457 | D        | Reached skill level 10 in Hexes
   457 | D        | Reached XP level 6. HP: 28/28 MP: 18/22
   458 | D        | Killed a killer bee
   458 | D        | Acquired Sif Muna's second power
   459 | D        | Killed a killer bee
   459 | D        | Reached skill level 14 in Stealth
   461 | D        | Killed a killer bee
   462 | D        | Killed a killer bee
   462 | D        | Reached XP level 7. HP: 32/32 MP: 20/24
   467 | D        | Noticed an oklob plant
   469 | D        | Killed an oklob plant
   469 | D        | Reached skill level 17 in Stealth
   620 | D        | Noticed a burning bush
   886 | D        | Noticed an oklob sapling
   886 | D        | Noticed a wandering mushroom
   886 | D        | Noticed a burning bush
   886 | D        | Noticed an oklob plant
  1033 | D        | Noticed a scorpion
  1079 | D        | HP: 1/32 [spriggan/short sword (10)]
  1116 | D        | Killed a scorpion
  1116 | D        | Reached XP level 8. HP: 22/36 MP: 24/27
  1239 | D        | Found Kucrecso's Armour Shop.
  1239 | D        | Found Mimaghuwk's Magic Scroll Emporium.
  1247 | D        | Bought a scroll of identify for 28 gold pieces
  1248 | D        | Bought a scroll of identify for 28 gold pieces
  1253 | D        | Noticed a burning bush
  1253 | D        | Noticed a wandering mushroom
  1254 | D        | Noticed a scorpion
  1254 | D        | Noticed a wandering mushroom
  1257 | D        | Killed a wandering mushroom
  1257 | D        | Reached skill level 18 in Stealth
  1257 | D        | Reached skill level 1 in Charms
  1260 | D        | Killed a burning bush
  1262 | D        | Killed a wandering mushroom
  1262 | D        | Reached skill level 19 in Stealth
  1262 | D        | Reached skill level 5 in Evocations
  1266 | D        | Killed a scorpion
  1538 | D        | Found Thothru's Weapon Emporium.
  1538 | D        | Found Myurhul's Book Shoppe.
  1795 | D        | Killed an oklob sapling
  1796 | D        | Killed an oklob plant
  1796 | D        | Reached skill level 1 in Fighting
  1796 | D        | Reached skill level 5 in Short Blades
  1796 | D        | Reached skill level 1 in Ice Magic
  1796 | D        | Reached XP level 9. HP: 41/41 MP: 26/29
  1797 | D        | Killed a wandering mushroom
  1797 | D        | Reached skill level 20 in Stealth
  1855 | D        | HP: 1/41 [burning bush/puff of flame (11)]
  1856 | D        | Killed from afar by a burning bush

Action                   |  1- 3 |  4- 6 |  7- 9 || total
-------------------------+-------+-------+-------++-------
Melee: Dagger            |     5 |     7 |    35 ||    47
       Short sword       |       |       |    55 ||    55
 Cast: Sure Blade        |       |       |     7 ||     7
       Confuse           |       |       |     4 ||     4
       Ensorcelled Hiber |       |       |     1 ||     1
       Corona            |       |       |     1 ||     1
 Abil: Evoke Invisibilit |     1 |     3 |     6 ||    10
  Use: Potion            |       |       |     2 ||     2
       Scroll            |       |       |     3 ||     3
 Stab: Sleeping          |     4 |     7 |     9 ||    20
  Eat: Royal jelly       |       |       |     2 ||     2
